woodfighter, chaotic female human Priestess ----- --------- |<..---- ------.......-- ------- --------------- |......--|.........--..| |.....| ------- |.............| --..|....|..--------|..| |.@@..| |>...(| --|---|--.----+| ---|.........| ---- |.....| ------ --....|--- |..|...|-.|.-..| ----.|....|--- ----- ---|--- |..-.-- ---..|..---|..|--|-..--|..| -----..|..----...-- |.| |..|..| ---|-.....-|--........--|| ------ |..|....|.....---- |.| |..|.------......|.................| |%!.%| --...............---.-- ----....||.......--..--------|--..-- |....| |....%.---...........----- |..|..||...{....---|......[..|..-- ---|--------....-------..........--|..|..||-.......| |!![%)*.?%|...| ------.---...-|...-|..|..|-...-.......--.|---|...|....|-------------...| |..|-..%%.....|..--|..|..|--.....---...|.--..|..---...-|.(.(| |.......-- |..-....[....%.....-.---|-----..---....|...[......|-...-.=((| |.------- -----.....{....----.......).......|..........---...|...-|.(((| |.|...-. |..............-- |-|--.---------.....`...--..|........|------ |.|...|----- ||-----*........| |*..|.|.((]| --.......-----|...|....|-..-----.--|-|)...| |...| --..------- |...|.-.(((| ---...--- --..|...--.....--......-%.-|| |...| ---- ------|.(((| ----- -----.....---......{.[|..|(| ----- ------ ------- ---------------- woodfighter the Adept Experience level: 8 Strength: 16 Dexterity: 16 Constitution: 15 Intelligence: 19 Wisdom: 13 Charisma: 9 Health: 0(54) Energy: 73(73) Def: 7 Gold: 0 Moves: 10110 Dungeon seed: NpW7WBSTNhG-1yyp Game ID: woodfighter_1578645582 Your Inventory: Amulets J - an amulet versus poison (being worn) Weapons a - a blessed rusty +1 mace (weapon in hand) X - 3 +0 orcish spears (in quiver) Armor e - a blessed +1 Uruk-hai shield (being worn) l - a blessed +2 pair of iron shoes (being worn) q - a rusty +0 orcish helm (being worn) z - a +1 dwarvish cloak (being worn) N - a +0 mummy wrapping Comestibles g - a tripe ration p - 6 food rations Z - a lizard corpse Rings v - a ring of see invisible (on left hand) Y - a ring of conflict (on right hand) Wands d - a wand of digging (0:5) f - a wand of teleportation (0:4) x - a wand of enlightenment (0:11) Tools b - a stethoscope s - a blessed bag of holding y - a skeleton key O - a blessed brass lantern (0:1209) W - a towel Contents of the bag of holding: 5 sprigs of wolfsbane a [+0] pick-axe Spells and supernatural/magical abilities: Name Level Category Fail Memory l - light 1 divination 93% 50% E - detect food 2 divination 100% 50% S - stone to flesh 3 healing 100% 50% W - pray for help -- divine ? -- X - turn undead -- divine ? -- Your skills at the end: Miscellaneous Skills shield [Basic] wands [Basic] Weapon Skills mace [Expert] Spellcasting Skills clerical spells [Basic] Final Attributes: You were piously aligned. You were poison resistant. You saw invisible. You were telepathic. You were very stealthy. You caused conflict. You were lucky. You are dead. Vanquished creatures: 2 giant mimics a human mummy 2 giant beetles a quivering blob a lizard a horse an ogre a housecat a blue jelly 2 dust vortices 2 ravens a gnome mummy a snake a yellow light a bugbear a wood nymph a Mordor orc 3 Uruk-hai a rock piercer 2 ponies a fog cloud a violet fungus 9 gnome lords 4 gnomish wizards a kobold mummy a golden naga hatchling a guardian naga hatchling a gray ooze 3 elf zombies a ghoul a straw golem a paper golem a puppy 9 dwarves 2 kobold lords a kobold shaman an iguana 6 hill orcs 2 jitterbugs a giant bat 5 orc zombies a dwarf zombie 5 killer bees a coyote 2 gas spores 5 hobbits 4 large kobolds 7 geckos 3 hobgoblins 2 giant rats 2 cave spiders a brown mold 3 yellow molds a green mold 3 red molds 23 gnomes 3 garter snakes 7 manes 3 gnome zombies 6 jackals 3 foxes 2 kobolds 6 newts 6 goblins 3 sewer rats 9 grid bugs 4 bats 7 lichens 2 kobold zombies 204 creatures vanquished. Voluntary challenges: You were not invisible. You did not have reflection. You were not displaced. You were an atheist. You used a wielded weapon 339 times, starting on turn 22. You did not apply a unicorn horn. You did not use plumbed fixtures. You did not drink any magical draughts. You read items or engraved 3 times, starting on turn 5973. You never genocided any monsters. You never polymorphed an object. You never changed form. You cheated 1 time but completed Sokoban on turn 7739. You used no wishes. You never split a pudding. You never wrote Elbereth's name. You never violated your personal moral code. Dungeon overview: The Dungeons of Doom: levels 1 to 8 Level 1 an altar to Susanowo, a fountain a long staircase Level 2 a general store, a fountain stairs to The Gnomish Mines Level 3 an altar to Raijin Level 4 a sink Level 5 a fountain Level 6 (vault) a delicatessen Level 7 many fountains Level 8 stairs to Sokoban The Gnomish Mines: levels 3 to 6 Level 3 stairs to The Dungeons of Doom Level 4 Level 5 <- You were here many shops, a temple to Susanowo, a magic chest, some fountains Level 6 Sokoban: levels 4 to 7 Level 4 a magic chest Level 5 (black unicorn) Level 6 Level 7 a magic chest stairs to The Dungeons of Doom History has recorded: On T:1 you entered the Dungeons of Doom to retrieve the Amulet of Yendor! On T:11 you reached level 3 of The Dungeons of Doom. On T:160 you reached level 4 of The Dungeons of Doom. On T:177 you advanced to experience level 2. On T:228 you reached level 2 of The Dungeons of Doom. On T:287 you reached level 1 of The Gnomish Mines. On T:1032 you advanced to experience level 3. On T:1162 you reached level 5 of The Dungeons of Doom. On T:1581 you advanced to experience level 4. On T:1608 you reached level 6 of The Dungeons of Doom. On T:2033 you reached level 7 of The Dungeons of Doom. On T:2410 you advanced to experience level 5. On T:2529 you reached level 8 of The Dungeons of Doom. On T:2683 you reached level 4 of Sokoban. On T:2734 you opened a magic chest. On T:3158 you reached level 3 of Sokoban. On T:3666 you advanced to experience level 6. On T:4428 you reached level 2 of The Gnomish Mines. On T:5112 you advanced to experience level 7. On T:5562 you reached level 2 of Sokoban. On T:6364 you reached level 1 of Sokoban. On T:7739 you entered the Sokoban zoo. On T:7780 you advanced to experience level 8. On T:8518 you reached level 3 of The Gnomish Mines. On T:9642 you reached level 4 of The Gnomish Mines. On T:9728 you entered the Minetown temple Score breakdown: Gold: 0 ( 0 points) Experience: 8 levels ( 700 points) Exploration: 8 levels ( 210 points) Discoveries: 22 items ( 1100 points) Variety of kills: 69 monsters ( 2000 points) Major goal: finished Sokoban ( 1000 points) Survival: died (score multiplied by 3) Total score: 15030 Latest messages: You put 452 gold pieces into the magic chest. You put a +0 small shield into the magic chest. You put a scroll of enchant weapon into the magic chest. You put a wand of digging into the magic chest. You carefully open the magic chest... x - a wand of enlightenment. You are now wearing an iron ring. You feel self-knowledgeable... The feeling subsides. The priest of Susanowo wields a mace! The mace welds itself to the priest of Susanowo's hand! The priest of Susanowo kicks! The priest of Susanowo casts a spell at you! You are frozen in place! The priest of Susanowo swings his mace at you. The priest of Susanowo hits you! The priest of Susanowo kicks! The priest of Susanowo points at you, then curses. The priest of Susanowo swings his mace at you. The priest of Susanowo hits you! You die... Final status: Goodbye woodfighter the Priestess, killed by a priest of Susanowo, while paralyzed by a monster... You died in The Gnomish Mines on dungeon level 5 with 15030 points, and 0 pieces of gold, after 10110 moves. You were level 8 with a maximum of 54 hit points when you died.